 Dungeon Crawl Stone Soup version 0.27-a0-1191-g601b473118 (webtiles) character file.

Game seed: 10290646042177823430

86 Sobieck the Poker (level 4, -2/34 (35) HPs)
             Began as a Merfolk Monk on May 23, 2021.
             Was an Elder of Lugonu.
             Slain by Crazy Yiuf
             ... wielding a +4 quarterstaff of chaos
              (10 damage)
             ... on level 2 of the Dungeon.
             The game lasted 00:05:23 (2800 turns).

Sobieck the Poker (Merfolk Monk)                    Turns: 2800, Time: 00:05:24

HP:   -2/34 (35)    AC: 10    Str: 14    XL:     4   Next: 49%
MP:   4/5           EV: 10    Int:  9    God:    Lugonu [****..]
Gold: 66            SH:  0    Dex: 17    Spells: 3/3 levels left

rFire    . . .     SeeInvis .   a - +0 spear {polearm}
rCold    + + .     Faith    .   (no shield)
rNeg     . . .     Spirit   .   g - +1 scale mail {rC+}
rPois    .         Reflect  .   (no helmet)
rElec    .         Harm     .   (no cloak)
rCorr    .         Rampage  .   f - +2 pair of gloves {Str+3}
Will     .....                  (no boots)
Stlth    +.........             (no amulet)
HPRegen  0.11/turn              n - ring of protection from cold
MPRegen  0.09/turn              (no ring)

@: lethally poisoned (-2 -> -7), slowed, lightly drained, very slow
A: (nimble swimmer 2), mertail
a: Renounce Religion, Depart the Abyss, Bend Space, Banish, Corrupt


You were on level 2 of the Dungeon.
You worshipped Lugonu.
Lugonu was greatly pleased with you.
You visited 1 branch of the dungeon, and saw 3 of its levels.

You collected 66 gold pieces.


Innate Abilities, Weirdness & Mutations

((You are quick and stealthy near water. (Stealth+, EV+, Speed+++)))
Your lower body shifts to a powerful aquatic tail in water.


   Skills:
 - Level 3.2 Fighting
 * Level 7.0 Polearms
 - Level 4.0 Dodging
 - Level 2.1 Stealth
 + Level 1.7 Invocations


You had 3 spell levels left.
You didn't know any spells.
Your spell library contained the following spells:

 Spells                   Type           Power      Damage    Failure   Level
 Beastly Appendage        Tmut           0%         N/A       88%         1
 Wereblood                Tmut           0%         N/A       95%         2
 Spider Form              Tmut/Pois      0%         N/A       99%         3
 Ice Form                 Ice/Tmut       0%         N/A       100%        4
 Hydra Form               Tmut           0%         N/A       100%        5

Inventory:

Hand Weapons
 a - a +0 spear (weapon) {polearm}
Missiles
 d - 22 stones (quivered) {throwing}
 i - 19 bolts
Armour
 b - a +0 robe
 f - a +2 pair of gloves of strength (worn)
   (You found it on level 1 of the Dungeon)
 g - a +1 scale mail of cold resistance (worn)
   (You found it on level 1 of the Dungeon)
Jewellery
 n - a ring of protection from cold (left hand)
   (You found it on level 2 of the Dungeon)
Scrolls
 c - 2 scrolls of identify {unknown}
 h - 2 scrolls of vulnerability {unknown}
 l - a scroll of blinking {unknown}
Potions
 e - a potion of cancellation {unknown}
 j - a potion of attraction {unknown}
 k - a potion of lignification {unknown}
 m - a potion of curing {@q1}

Dungeon Overview and Level Annotations

Branches:
Dungeon (3/15)

Altars:
Lugonu

Shops:
D:1 ?

Annotations:
D:2 Crazy Yiuf

#........#############...##.)##.
##.........# ######..##.
........##.# #....[ ...........#
##### ##.##. ........##.# #)..#
#..#. ........##.# #...# ##.#.
........##.# ... #..#
##########.# #g# ##.#
#..........# ♣@♣♣ #..
#..........# ♣♣.♣ ##.
#.........## ♣.♣♣ #.
'.....)...'# ♣♣.♣ #.
#.........## ♣♣.♣♣ ##
#########<# ♣♣...♣ # ##### #.#
♣....♣ ############ ....# #.#
#....# #........... ###.# #.#
#....###....#######


You could see Crazy Yiuf.


Message History

You closely miss the quokka. The quokka barely misses you.
You barely miss the quokka. The quokka misses you.
You closely miss the quokka.
The quokka bites you but does no damage.
You barely miss the quokka.
The quokka bites you but does no damage.
You barely miss the quokka.
The quokka bites you but does no damage.
You barely miss the quokka. You closely miss the quokka.
The quokka barely misses you. 😕 HP[+1]
You barely miss the quokka.
The quokka bites you but does no damage.
You hit the quokka but do no damage. The quokka completely misses you.
You hit the quokka but do no damage. The quokka misses you.
You hit the quokka.
You kill the quokka!
Lugonu accepts your kill.
Your Polearms skill increases to level 7!
No target in view!
No target in view!
You see here a quokka corpse.
There is a stone staircase leading up here.
Things that are here:
a +0 robe; a +0 dagger {short} You open the door.
There is an open door here.
You see here a +0 club {mace}.
There is an open door here.
There is an open door here.
You see here a +0 club {mace}.
There is an open door here.
n - a ring of protection from cold 😎 HP[+1]
Your hp is fully restored (35).
n - a ring of protection from cold (left hand)
You open the door.
There is an open door here.
There is an open door here.
There is an open door here.
There is a stone staircase leading up here.
There is an open door here.
There is an open door here.
You see here a +0 club {mace}.
There is an open door here.
Crazy Yiuf shouts!
Crazy Yiuf grits, "Dawk tired snockshim!"
You open the door. You hit Crazy Yiuf but do no damage.
Crazy Yiuf hits you with a +4 quarterstaff of chaos.
You are poisoned. 😕 HP[-2]
You take 2 damage, and now have 33/35 hp.
You hit Crazy Yiuf but do no damage.
You feel sick. 😕 HP[-2]
You take 2 damage, and now have 31/35 hp.
You puncture Crazy Yiuf!
You feel sick.
Crazy Yiuf hits you with a +4 quarterstaff of chaos.
You feel your power leaking away. 😮 HP[-5] MP[-1]
You take 5 damage, and now have 26/35 hp.
You lost 1 mp, and now have 4/5 mp.
You hit Crazy Yiuf but do no damage.
You feel sick.
Crazy Yiuf hits you with a +4 quarterstaff of chaos.
You feel drained. 😮 HP[-3]
You now have 34 max hp (-1).
You take 3 damage, and now have 23/34 hp.
You barely miss Crazy Yiuf.
Crazy Yiuf cries, "Key eyeball horse!"
Crazy Yiuf hits you with a +4 quarterstaff of chaos.
You feel yourself slow down. 😮 HP[-1]
You take 1 damage, and now have 22/34 hp.
You hit Crazy Yiuf.
You feel sick. Crazy Yiuf closely misses you. 😮 HP[-2]
You take 2 damage, and now have 20/34 hp.
You hit Crazy Yiuf.
You feel sick. Crazy Yiuf hits you but does no damage.
You are more poisoned. 😮 HP[-1]
You take 1 damage, and now have 19/34 hp.
You hit Crazy Yiuf but do no damage.
You feel very sick.
Crazy Yiuf hits you with a +4 quarterstaff of chaos.
* * * LOW HITPOINT WARNING * * *
Crazy Yiuf burns you.
* * * LOW HITPOINT WARNING * * *
😨 HP[-7]
You take 7 damage, and now have 12/34 hp.
MASSIVE DAMAGE!! (PAUSE)
You hit Crazy Yiuf but do no damage.
You feel sick.
Crazy Yiuf waves his quarterstaff at you.
Crazy Yiuf barely misses you. 😨 HP[-2]
You take 2 damage, and now have 10/34 hp.
Your scale mail prevents you from hitting Crazy Yiuf.
You feel sick.
Crazy Yiuf says, "Crazy?
Crazy!?
PORCUPINE!"
Crazy Yiuf hits you with a +4 quarterstaff of chaos!
You die...

Skill      XL: |  1  2  3  4 |
---------------+-------------+-----
Polearms       | 5 6 7 |  7.0
Invocations    | 1 |  1.7
Fighting       | |  3.2
Dodging        | |  4.0
Stealth        | |  2.1

Action                   |  1- 3 |  4- 6 || total
-------------------------+-------+-------++-------
Melee: Spear             |   193 |    45 ||   238
 Stab: Sleeping          |     4 |       ||     4
Armor: Robe              |    11 |       ||    11
       Scale mail        |    44 |    13 ||    57
Dodge: Dodged            |    91 |    14 ||   105

Levels and vault maps discovered:
D:1:      dpeg_arrival_circle_labyrinth_c, layout_loops_ring, serial_shops,
          nicolae_shop_trees, ebering_ecumenical_altar_abandoned, minmay_tripent
D:2:      layout_basic, item_on_display_a, uniq_crazy_yiuf_cottage, uniq_jessica
D:3:      layout_basic, serial_shops, shop, wad_floor_pattern_untrapped,
          uniq_natasha

Notes
Turn   | Place    | Note
-------+----------+-------------------------------------------
     0 | D:1      | Sobieck the Merfolk Monk began the quest for the Orb.
     0 | D:1      | Reached XP level 1. HP: 18/18 MP: 1/1
     0 | D:1      | magus.rc [v1.9.6]
   161 | D:1      | HP: 4/18 [jackal (3)]
   198 | D:1      | Reached skill level 5 in Polearms
   455 | D:1      | Reached XP level 2. HP: 24/24 MP: 2/2
   783 | D:1      | Found a faded altar of an unknown god.
   789 | D:1      | Became a worshipper of Lugonu the Unformed
   789 | D:1      | Reached * piety under Lugonu
   789 | D:1      | Reached ** piety under Lugonu
   789 | D:1      | Reached *** piety under Lugonu
   840 | D:1      | Reached XP level 3. HP: 26/29 MP: 3/3
   848 | D:1      | Reached skill level 6 in Polearms
  1115 | D:1      | Found Fooq's Magic Scroll Emporium.
  1135 | D:1      | Reached **** piety under Lugonu
  1436 | D:1      | You pick up a book of Changes and begin reading...
  1436 | D:1      | You add the spells Beastly Appendage, Wereblood, Spider
                  | Form, Ice Form and Hydra Form to your library.
  1651 | D:1      | Reached skill level 1 in Invocations
  1836 | D:2      | Found a runed translucent door.
  1837 | D:2      | Noticed Crazy Yiuf
  1898 | D:2      | Noticed Jessica
  1918 | D:2      | Killed Jessica
  1919 | D:2      | Reached XP level 4. HP: 20/35 MP: 3/5
  2496 | D:2      | Reached skill level 7 in Polearms
  2800 | D:2      | HP: 8/34 [poisoned by Crazy Yiuf]
  2800 | D:2      | Slain by Crazy Yiuf

Vanquished Creatures
  Jessica (D:2)
  An adder (D:2)
  A dart slug (D:1)
  5 ball pythons (D:1)
  A bat (D:1)
  2 giant cockroaches
  2 hobgoblins (D:1)
  14 jackals
  5 kobolds
  2 quokkas
  3 goblins
  6 rats
43 creatures vanquished.

Table legend:
 A = Non-vault XP
 B = Vault XP
 C = Vault XP percentage of total XP
 D = Non-vault monster count
 E = Vault monster count
 F = Vault count percentage of total count
                 A         B        C        D         E       F
            +---------+---------+-------+---------+---------+-------
      Total |      83 |      40 |  32.5 |      40 |       3 |   7.0
            +---------+---------+-------+---------+---------+-------
        D:1 |      55 |       3 |   5.2 |      30 |       2 |   6.2
        D:2 |      28 |      37 |  56.9 |      10 |       1 |   9.1
            +---------+---------+-------+---------+---------+-------

Illustrated notes

Table legend:
 A = Kills in this place as a percentage of kills in entire the game.
 B = Kills by you in this place as a percentage of kills by you in the entire game.
 C = Kills by friends in this place as a percentage of kills by friends in the entire game.
 D = Other kills in this place as a percentage of other kills in the entire game.
 E = Experience gained in this place as a percentage of experience gained in the entire game.
 F = Experience gained in this place divided by the number of levels of this place that you have seen.
                   A       B       C       D       E      F
               +-------+-------+-------+-------+-------+----------------------
         Total | 100.0 | 100.0 |   N/A |   N/A | 100.0 |  41.0
       Dungeon | 100.0 | 100.0 |   N/A |   N/A | 100.0 |  41.0
               +-------+-------+-------+-------+-------+----------------------

Table legend: (Time is in decaauts)
 A = Elapsed time spent in this place.
 B = Non-inter-level travel time spent in this place.
 C = Inter-level travel time spent in this place.
 D = Time resting spent in this place.
 E = Time spent auto-exploring this place.
 F = Levels seen in this place.
 G = Mean time per level.
                   A        B        C        D        E       F      G
               +--------+--------+--------+--------+--------+-----+--------+
         Total |   2759 |   2678 |     81 |    504 |   1802 |   3 |  919.7 |
       Dungeon |   2759 |   2678 |     81 |    504 |   1802 |   3 |  919.7 |
               +--------+--------+--------+--------+--------+-----+--------+

Top non-repeatable levels by time:
     D:1: 1629 daAuts
     D:2: 1123 daAuts
     D:3: 6 daAuts
